 Dungeon Crawl Stone Soup version 0.20.1-1-g8b1a95d (webtiles) character file.

1867269 Mesmaeker13 the Grim Reaper (level 26, 220/220 HPs)
             Began as a Demonspawn Fighter on Aug 8, 2017.
             Was the Champion of Yredelemnul.
             Escaped with the Orb
             ... and 3 runes!
             The game lasted 03:26:25 (56474 turns).

Mesmaeker13 the Grim Reaper (Demonspawn Fighter)   Turns: 56474, Time: 03:26:26

Health: 220/220    AC: 44    Str: 25    XL:     26   Next: 77%
Magic:  40/40      EV: 10    Int: 12    God:    Yredelemnul [******]
Gold:   2755       SH: 19    Dex: 19    Spells: 36/39 levels left

rFire    + + .     SeeInvis +   W - +5 double sword (flame)
rCold    + + .     Gourm    .   P - +0 shield "Dipig" {rElec Dex+2 Slay+3 Stlth-}
rNeg     + . .     Faith    .   l - +12 gold dragon scales
rPois    +         Spirit   .   (helmet unavailable)
rElec    +         Reflect  +   L - +2 cloak
rCorr    .         Harm     .   E - +1 pair of gloves "Ograthro" {*Drain rElec rC+ SInv}
MR       +....                  d - +0 pair of boots {run}
Stlth    ..........             k - +4 amulet of reflection
Regen    0.5/turn               n - ring "Buxi" {+Inv rN+}
MPRegen  0.3/turn               m - ring "Suutuch" {Fire Str+3 Slay+2}

@: wreathed by umbra, quick
A: horns 3, cold resistance 1, deterioration 1, nightstalker 3, spiny 3,
evolution 2, freezing cloud immunity, sanguine armour 3
0: Orb of Zot
}: 3/15 runes: decaying, silver, gossamer
a: Recall Undead Slaves, Injury Mirror, Animate Dead, Drain Life, Enslave Soul,
Renounce Religion, Evoke Invisibility


You escaped.
You worshipped Yredelemnul.
Yredelemnul was exalted by your worship.
You were not hungry.

You visited 10 branches of the dungeon, and saw 50 of its levels.
You also visited: Ice Cave and Desolation.

You collected 6500 gold pieces.
You spent 3745 gold pieces at shops.

Inventory:

Hand Weapons
 W - a +5 double sword of flaming (weapon)
Missiles
 C - 31 tomahawks
 G - 2 javelins of penetration
 X - 2 throwing nets (quivered)
Armour
 d - a +0 pair of boots of running (worn)
 l - +12 gold dragon scales (worn)
 E - the +1 pair of gloves "Ograthro" (worn) {*Drain rElec rC+ SInv}
   (You found it on level 1 of the Swamp)

   It protects you from cold.
   It insulates you from electricity.
   It lets you see invisible.
   It causes draining when unequipped.
 L - a +2 cloak (worn)
 P - the +0 shield "Dipig" (worn) {rElec Dex+2 Slay+3 Stlth-}
   (You found it in the Desolation of Salt)

   It affects your dexterity (+2).
   It affects your accuracy and damage with ranged weapons and melee attacks
   (+3).
   It insulates you from electricity.
   It makes you less stealthy.
Jewellery
 i - an uncursed ring of protection from fire
 k - a +4 amulet of reflection (around neck)
 m - the ring "Suutuch" (right hand) {Fire Str+3 Slay+2}
   (You found it in the Desolation of Salt)

   [ring of fire]

   It enhances your fire magic.
   It affects your strength (+3).
   It affects your accuracy and damage with ranged weapons and melee attacks
   (+2).
   It protects you from fire.
   It makes you vulnerable to cold.
 n - the ring "Buxi" (left hand) {+Inv rN+}
   (You took it off a deep elf death mage on level 3 of the Elven Halls)

   [ring of positive energy]

   It protects you from negative energy.
   It lets you turn invisible.
 s - the ring "Yfyis" {+Fly rPois}
   (You took it off a tengu reaver on level 5 of the Vaults)

   [ring of flight]

   It protects you from poison.
   It lets you fly.
 Q - an uncursed amulet of guardian spirit
Wands
 b - a wand of digging (14/24)
 D - a wand of clouds (4/9)
Scrolls
 a - 2 scrolls of recharging
 c - 6 scrolls of fear
 o - 4 scrolls of blinking
 r - 13 scrolls of teleportation
 A - 9 scrolls of remove curse
 B - 3 scrolls of fog
 K - 3 scrolls of identify
 S - a scroll of silence
Potions
 e - 2 potions of mutation
 j - 6 potions of curing
 p - 4 potions of ambrosia
 t - 3 potions of cancellation
 u - 5 potions of flight
 v - 3 potions of invisibility
 w - 2 potions of heal wounds
 F - 6 potions of haste
 I - 5 potions of berserk rage
 O - a potion of might
 V - 3 potions of resistance
Books
 y - a book of Battle

   Spells                             Type                      Level
   a - Infusion                       Charms                       1
   b - Shroud of Golubria             Charms/Translocation         2
   c - Song of Slaying                Charms                       2
   d - Spectral Weapon                Hexes/Charms                 3
   e - Regeneration                   Charms/Necromancy            3
Comestibles
 f - 8 bread rations
 x - 19 royal jellies
 z - 2 meat rations


   Skills:
 + Level 20.6 Fighting
 - Level 16.0 Long Blades
 + Level 20.8 Armour
 - Level 6.0 Dodging
 - Level 15.5 Shields
 - Level 7.0 Spellcasting
 - Level 7.2 Charms
 - Level 7.3 Necromancy
 + Level 26.4 Invocations
 - Level 9.0 Evocations


You had 36 spell levels left.
You knew the following spells:

 Your Spells              Type           Power        Failure   Level  Hunger
a - Regeneration          Chrm/Necr      ###.......   32%         3    ###....


Dungeon Overview and Level Annotations

Branches:
Dungeon (15/15)            Temple (1/1) D:7            Lair (6/6) D:8
  Swamp (4/4) Lair:2       Spider (4/4) Lair:2        Slime (0/5) Lair:5
    Orc (2/2) D:11            Elf (3/3) Orc:2        Vaults (5/5) D:14
  Crypt (0/3) Vaults:3     Depths (5/5) D:15            Zot (5/5) Depths:5

Altars:
Ashenzari
Cheibriados
Dithmenos
Elyvilon
Fedhas
Gozag
Hepliaklqana
Kikubaaqudgha
Makhleb
Nemelex Xobeh
Okawaru
Qazlal
Ru
Sif Muna
Trog
Uskayaw
Vehumet
Xom
Yredelemnul
Zin
The Shining One
Jiyva

Shops:
D:3 *   D:6 ?   D:15 [   Orc:1 [?   Orc:2 !*![   Elf:3 :[}*   Vaults:4 *%%!
Depths:5 (=}}

Portals:
Hell: Depths:1 Depths:2 Depths:3 Depths:4 Depths:5
Abyss: Depths:1 Depths:4
Pandemonium: Depths:1 Depths:3
Ziggurat: Depths:4
Trove: D:14 (give 6 scrolls of blinking)

Annotations:
Elf:3 1 exclusion
Depths:2 exclusion: orange crystal statue
Zot:5 1 exclusion


Innate Abilities, Weirdness & Mutations

You have a pair of large horns on your head.
Your flesh is cold resistant. (rC+)
You are completely attuned to the shadows.
You are completely covered in sharp spines.
You are immune to freezing clouds.
When seriously injured, your bleeding wounds create very thick armour. (AC +0)
Your body sometimes deteriorates upon taking damage.
You rapidly evolve.


Message History

Press: ? - help, Shift-Dir - straight line The rock shatters into small pieces.
This wand has 14 charges left.
There is a stone staircase leading up here.
You climb upwards.
There is a stone staircase leading down here.
There is a stone staircase leading up here.
You are feeling hungry.
You climb upwards.
There is a stone staircase leading down here.
You swap places.
There is a stone staircase leading up here.
You climb upwards.
There is a stone staircase leading down here.
You eat one of the 20 royal jellies.
That royal jelly was delicious!
You swap places.
There is a stone staircase leading up here.
You climb upwards.
There is a stone staircase leading down here.
There is a staircase leading out of the dungeon here.
You have escaped!

########## #.# #.# .........#
#.# #.# ########.# #.# #.#
......##.###>########.#########
......................>.......##
......###.##.########..........#
##...........# #..######..#
#.#######.###########.........#
#.# #.#....@....#..######.# #.#
#.#....A....#..#...##.# #.#
#####.#.........#..#.#.##.# #.#
#...#.#..#...#..#..#.#.##.# #.#
#...#.#.........#..#.#.##.# #.#
#...#.#.........#..#.#.##.##
##.#
#...#.#..#...#..#.)#.#.....#
...#
#...#.#.....§...#..#.#######
#### #÷..#....§≈.§......#...#


You could see a friendly profane servitor.

Vanquished Creatures
  4 orbs of fire (Zot:5)
  2 ancient liches
  Sojobo (Vaults:5)
  Frederick (Vaults:4)
  2 curse toes
  3 Killer Klowns (Zot:5)
  4 golden dragons
  An electric golem (Zot:5)
  A Hell Sentinel (Zot:1)
  A lich (Vaults:5)
  15 Orb Guardians
  3 tentacled monstrosities
  A deep elf master archer (Elf:3)
  A quicksilver dragon (Zot:1)
  A deep elf blademaster (Elf:3)
  7 titans
  Gastronok (D:12)
  3 death cobs
  4 sphinxes
  A thorn hunter (Swamp:1)
  3 draconian monks
  3 storm dragons
  5 shadow dragons
  8 tengu reavers
  The ghost of Feta the Severer, an adept FoFi of Okawaru (Swamp:2)
  4 fire giants
  An iron dragon (Vaults:5)
  12 vault wardens
  3 draconian knights
  2 imperial myrmidons (Desolation)
  A balrug (Depths:4)
  3 emperor scorpions
  Aizul (Lair:2)
  2 ghost moths (Spider:4)
  3 draconian scorchers
  8 frost giants
  A ghoul (Vaults:5)
  3 draconian annihilators (Zot:5)
  A caustic shrike zombie (Depths:2)
  An angel (Zot:5)
  3 draconian stormcallers
  2 deep elf elementalists (Elf:3)
  6 stone giants
  23 very ugly things
  A spriggan defender (Depths:3)
  Nessos (D:14)
  9 ironheart preservers
  4 entropy weavers
  5 deep elf demonologists
  5 black draconians
  2 spark wasps (Depths:4)
  A vampire knight (Depths:3)
  2 halazid warlocks (Desolation)
  9 green draconians
  7 deep elf annihilators
  5 white draconians
  A dire elephant (Lair:6)
  8 red draconians
  A white draconian (shapeshifter) (Zot:2)
  A lorocyproca (D:7)
  7 yellow draconians
  5 purple draconians
  An eidolon (Depths:2)
  The ghost of pichaelthompson the Protected, a journeyman DsBe of Trog (D:13)
  A merfolk javelineer (Depths:1)
  17 ettins
  A blizzard demon (Depths:4)
  A crystal guardian (Desolation)
  4 deep elf death magi
  A deep elf high priest (Vaults:4)
  10 fire dragons
  A quicksilver dragon zombie (Vaults:5)
  A ragged hierophant (Desolation)
  31 vault guards
  7 great orbs of eyes
  4 servants of whispers (Desolation)
  7 yaktaur captains
  2 rakshasas
  8 peacekeepers (Desolation)
  5 hydras
  8 ice dragons
  2 spriggan air magi
  5 centaur warriors
  A death knight (Vaults:3)
  A queen ant (Spider:1)
  18 two-headed ogres
  A tengu warrior (Depths:2)
  8 ogre magi
  9 deep troll shamans
  3 alligators
  21 dancing weapons
  8 deep troll earth magi
  2 sun demons (Depths:4)
  10 deep elf knights
  2 small abominations (Elf:3)
  A spriggan berserker (Depths:4)
  4 shadow wraiths
  A hell knight (Depths:3)
  A storm dragon zombie (Vaults:5)
  4 skeletal warriors
  A spectral anaconda (Depths:2)
  A titan skeleton (Vaults:5)
  5 iron trolls
  33 deep trolls
  3 unseen horrors
  3 wizards
  2 flayed ghosts
  4 glowing orange brains
  A glowing orange brain (shapeshifter) (Depths:5)
  2 spriggan druids
  The ghost of ThereIsNoGod the Grappler, a novice TrFi of Makhleb (D:8)
  4 phantasmal warriors
  9 deep elf archers
  3 swamp dragons
  4 orc knights
  A harpy (shapeshifter) (Vaults:4)
  A shadow dragon zombie (Depths:2)
  5 ironbrand convokers
  23 wolf spiders
  4 necromancers
  A wolf spider zombie (D:15)
  2 salamanders
  29 ugly things
  A mana viper (shapeshifter) (Vaults:5)
  4 orb spiders
  2 salamanders (shapeshifter)
  3 harpies (Vaults:4)
  A cyclops (shapeshifter) (Vaults:5)
  6 orc sorcerers
  26 deep elf magi
  2 manticores
  A mana viper (Depths:2)
  5 cyclopes
  A shining eye (Depths:4)
  An elephant (Lair:6)
  12 moths of wrath
  An eye of devastation (Depths:4)
  A stone giant skeleton (Vaults:5)
  Maurice (D:9)
  Psyche (D:9)
  3 guardian serpents
  10 vault sentinels
  A black mamba (shapeshifter) (Depths:1)
  2 gargoyles (D:11)
  An ice statue (IceCv)
  2 black mambas (Lair:6)
  13 spiny frogs
  A spiny frog (shapeshifter) (Vaults:2)
  9 komodo dragons
  3 rime drakes
  A kobold demonologist (D:9)
  2 demonic crawlers
  A spark wasp simulacrum (Depths:1)
  An anaconda simulacrum (Depths:2)
  5 ice devils
  3 spectral merfolk (Depths:2)
  60 yaktaurs
  6 freezing wraiths
  6 jumping spiders
  3 meliai (D:14)
  A troll (D:9)
  A tengu simulacrum (Vaults:2)
  A red devil (Depths:3)
  A merfolk (D:15)
  12 hornets
  16 blink frogs
  A sphinx simulacrum (Vaults:2)
  23 slime creatures
  28 saltlings (Desolation)
  4 raiju
  2 fire giant simulacra
  15 polar bears
  5 tyrant leeches
  5 hippogriffs
  3 dream sheep
  3 bog bodies
  A blink frog (shapeshifter) (Vaults:2)
  A meliai zombie (D:12)
  4 air elementals
  14 water elementals
  A spriggan zombie (Depths:2)
  3 spriggans
  6 shadows
  A tarantella (shapeshifter) (Vaults:2)
  2 vampires
  11 wraiths
  25 redbacks
  12 tarantellas
  A human (shapeshifter) (Vaults:2)
  8 wyverns
  3 basilisks
  2 fire elementals
  22 vampire mosquitoes
  50 yaks
  A human simulacrum (Vaults:1)
  8 insubstantial wisps
  9 wargs
  7 swamp worms
  6 water moccasins
  4 soldier ants (Spider:1)
  11 hell hounds
  2 floating eyes
  6 swamp drakes
  8 porcupines
  20 orc warriors
  A spectral spriggan (Depths:2)
  9 black bears
  An eye of draining (Depths:4)
  2 necrophages
  14 centaurs
  A boggart (Zot:2)
  6 ice beasts
  31 ogres
  2 sky beasts
  2 phantoms
  A snapping turtle zombie (Depths:2)
  An elf skeleton (Vaults:5)
  32 wolves
  An orc skeleton (Vaults:2)
  9 crocodiles
  20 bullfrogs
  14 big kobolds
  A yaktaur zombie (Depths:1)
  An earth elemental (Elf:2)
  A glowing shapeshifter simulacrum (Vaults:2)
  2 wyvern skeletons
  8 scorpions
  5 killer bees (D:9)
  3 wights
  A spectral ogre (Depths:2)
  A spectral naga (Depths:2)
  2 bullfrog zombies
  A spectral centaur (Depths:2)
  3 centaur zombies
  6 crimson imps
  A quasit (D:11)
  5 hounds
  3 centaur skeletons
  A gnoll shaman (D:6)
  A jelly (D:13)
  22 orc wizards
  10 orc priests
  An iron imp (D:9)
  4 bullfrog skeletons
  An iguana (D:5)
  14 worker ants
  A hound zombie (D:7)
  7 gnolls
  13 adders
  4 shadow imps
  An ufetubus (Vaults:4)
  3 oozes
  An adder zombie (D:4)
  3 adder skeletons
  3 worms (D:3)
  2 dart slugs (D:1)
  5 leopard geckos
  80 orcs
  7 bats
  A giant cockroach (D:8)
  6 goblins
  7 hobgoblins
  15 jackals
  2 quokkas
  10 frilled lizards
  A giant cockroach simulacrum (D:6)
  A goblin zombie (D:9)
  3 hobgoblin zombies (D:9)
  A jackal skeleton (D:6)
  27 kobolds
  A kobold skeleton (D:9)
  A kobold zombie (D:9)
  4 orc zombies
  A quokka skeleton (D:8)
  6 rats
  A briar patch (Swamp:4)
  A butterfly (Lair:6)
  A crawling corpse (Vaults:4)
  A fungus (Lair:6)
1624 creatures vanquished.

Vanquished Creatures (collateral kills)
  Mara (Depths:1)
  5 ancient liches
  Xtahua (Vaults:5)
  3 Killer Klowns
  Nikola (Vaults:2)
  Jory (Vaults:5)
  2 golden dragons
  A profane servitor (Spider:2)
  5 tentacled monstrosities
  3 liches
  Rupert (D:13)
  2 deep elf blademasters
  4 quicksilver dragons
  12 Orb Guardians
  A titan (Vaults:5)
  4 storm dragons
  A sphinx (Vaults:2)
  The ghost of slacker the Executioner, an adept MiBe of Trog (Spider:1)
  2 thorn hunters
  6 shadow dragons
  Roxanne (D:14)
  3 tengu reavers (Vaults:5)
  4 fire giants
  10 deep elf sorcerers
  The ghost of equalderp2856 the Severer, a journeyman MiFi (Swamp:2)
  A draconian knight (Zot:2)
  3 vault wardens
  2 emperor scorpions (Spider:4)
  5 frost giants
  The ghost of bli the Protected, a journeyman FoAK of Lugonu (Orc:2)
  2 ghost moths
  An imperial myrmidon (Desolation)
  A draconian scorcher (Zot:1)
  5 deep elf elementalists
  Louise (D:14)
  2 draconian shifters
  A ghoul (D:13)
  3 entropy weavers
  4 ironheart preservers
  9 stone giants
  14 very ugly things
  2 vampire knights
  A war gargoyle (Depths:2)
  3 green draconians
  5 deep elf annihilators (Elf:3)
  A halazid warlock (Desolation)
  5 deep elf demonologists (Elf:3)
  2 purple draconians
  2 yellow draconians
  A white draconian (Zot:1)
  A dire elephant (D:15)
  2 red draconians (Depths:5)
  A spark wasp (Spider:4)
  6 ettins
  3 jiangshi (Depths:1)
  3 deep elf death magi (Elf:3)
  A ragged hierophant (Desolation)
  6 deep elf high priests
  3 fire dragons
  Harold (Lair:4)
  Josephine (Lair:6)
  5 vault guards
  9 yaktaur captains
  3 great orbs of eyes
  A servant of whispers (Desolation)
  4 rakshasas
  8 ice dragons
  4 peacekeepers
  A ghost crab (Swamp:3)
  23 hydras
  A catoblepas (Lair:6)
  3 centaur warriors
  4 death knights
  4 tengu warriors
  5 ogre magi
  11 dancing weapons
  12 two-headed ogres
  A vampire mage (Depths:1)
  4 alligators
  6 death yaks (Lair:6)
  5 deep troll earth magi
  5 deep troll shamans
  2 small abominations (Elf:3)
  A spriggan berserker (Depths:5)
  A soul eater (Depths:2)
  5 deep elf knights
  A salamander mystic (Depths:3)
  2 skeletal warriors
  A storm dragon skeleton (Vaults:2)
  A fire crab (Lair:6)
  3 shadow wraiths
  4 iron trolls
  A golden dragon zombie (Depths:1)
  A spriggan druid (Swamp:4)
  12 deep trolls
  7 deep elf archers
  3 glowing orange brains
  2 shambling mangroves
  An orange crystal statue (Depths:2)
  9 ironbrand convokers
  7 swamp dragons
  2 lindwurms (Lair:6)
  3 flayed ghosts (Depths:2)
  10 wizards
  23 deep elf magi
  4 orc knights
  3 phantasmal warriors
  24 wolf spiders
  A mana viper (Depths:2)
  10 orb spiders
  A wolf spider (shapeshifter) (Vaults:5)
  2 cyclopes
  A manticore (Lair:6)
  26 ugly things
  A centaur zombie (D:15)
  8 salamanders
  A moth of wrath (Spider:3)
  An elephant (Lair:6)
  2 ice statues (Depths:4)
  6 vault sentinels
  A torpor snail (Lair:6)
  A guardian serpent (Zot:2)
  3 black mambas
  A yaktaur zombie (Depths:1)
  13 spiny frogs
  A hellion (Depths:3)
  A rime drake (shapeshifter) (Depths:1)
  A human zombie (Vaults:2)
  3 freezing wraiths
  A guardian mummy (D:14)
  2 rime drakes (Lair:6)
  An efreet (D:14)
  A komodo dragon (Lair:3)
  8 demonic crawlers
  42 yaktaurs
  A harpy zombie (Zot:2)
  An ice devil (Lair:3)
  5 spectral merfolk (Depths:2)
  A meliai (shapeshifter) (D:15)
  2 red devils (Depths:3)
  14 jumping spiders
  A troll (Vaults:1)
  11 hornets
  15 polar bears
  A polar bear (shapeshifter) (Vaults:5)
  12 blink frogs
  16 saltlings (Desolation)
  28 slime creatures
  A blink frog (shapeshifter) (Vaults:5)
  6 raiju
  A hippogriff (Lair:5)
  8 bog bodies
  3 tyrant leeches
  7 dream sheep
  A large abomination (Zot:2)
  An ettin zombie (Depths:1)
  A stone giant simulacrum (Depths:2)
  3 air elementals
  2 water elementals
  2 shadows (Depths:2)
  8 wraiths
  29 redbacks
  2 spriggans
  21 yaks
  13 tarantellas
  4 vampires
  A fire elemental (Elf:2)
  A golden eye (shapeshifter) (D:13)
  A human (shapeshifter) (D:14)
  2 basilisks
  8 vampire mosquitoes
  11 insubstantial wisps
  12 soldier ants (Spider:1)
  5 swamp worms
  9 hell hounds
  7 wargs
  A soldier ant (shapeshifter) (Vaults:3)
  3 water moccasins
  2 porcupines
  A spectral spriggan (Depths:2)
  3 floating eyes
  25 orc warriors
  4 swamp drakes
  10 ogres
  A snapping turtle zombie (Depths:2)
  19 wolves
  A boggart (Zot:2)
  4 black bears (Lair:6)
  8 centaurs
  3 crocodiles
  3 bullfrogs
  3 spectral ogres (Depths:2)
  6 wights
  A wolf zombie (Lair:2)
  A howler monkey (D:14)
  A crimson imp (D:12)
  5 orc wizards
  4 orc priests
  15 worker ants
  A shadow imp (D:14)
  31 orcs
  A bat (Orc:1)
  3 kobolds (D:12)
  A goblin skeleton (D:9)
  4 briar patches
  A bush (Lair:2)
  A butterfly (Zot:2)
  5 crawling corpses
  18 fungi
  29 plants
1070 creatures vanquished.

Vanquished Creatures (others)
  11 bone dragons
  6 profane servitors
  A deep elf master archer (Elf:3)
  Asterion (Spider:3)
  A fire giant (Vaults:4)
  A draconian scorcher (Zot:1)
  11 ghouls
  An ironheart preserver (Vaults:3)
  A spectral orc (Vaults:2)
  2 Killer Klown zombies (Zot:5)
  A green draconian (Zot:5)
  9 vampire knights
  6 very ugly thing zombies
  2 quicksilver dragon zombies
  A two-headed ogre (Vaults:4)
  2 titan zombies (Vaults:5)
  2 golden dragon zombies
  6 skeletal warriors
  8 flayed ghosts
  10 phantasmal warriors
  A shadow dragon zombie (Vaults:4)
  A wolf spider zombie (Spider:4)
  5 tengu zombies
  A fire giant zombie (Vaults:4)
  6 ugly thing zombies
  A cyclops (Vaults:2)
  5 draconian zombies
  16 human zombies
  A stone giant zombie (Depths:2)
  A moth of wrath (Zot:5)
  A dire elephant zombie (Lair:6)
  3 green draconian zombies (Zot:5)
  A catoblepas zombie (Lair:6)
  5 redback zombies
  3 red draconian zombies
  4 yellow draconian zombies
  3 purple draconian zombies (Zot:5)
  12 yaktaurs
  2 black draconian zombies
  An elf skeleton (Vaults:5)
  A ghoul skeleton (Vaults:5)
  An iron troll zombie (Depths:5)
  A jumping spider (Spider:4)
  6 hydra zombies
  A demonic crawler zombie (Spider:3)
  A queen ant zombie (Spider:1)
  2 moth of wrath zombies
  An ice dragon zombie (Depths:5)
  4 tarantella zombies
  An ettin zombie (Depths:5)
  A fire dragon zombie (Depths:1)
  A black mamba zombie (Lair:6)
  3 flying skulls
  16 vampires
  3 wraiths
  A warg (Lair:6)
  9 deep troll zombies
  A two-headed ogre zombie (Vaults:4)
  6 spiny frog zombies
  3 hornet zombies
  2 ogres
  5 blink frog zombies
  20 elf zombies
  2 swamp dragon zombies (Swamp:4)
  An elephant zombie (Lair:6)
  2 dream sheep zombies (Lair:6)
  A centaur (Orc:2)
  2 orb spider zombies
  5 vampire mosquito zombies
  A torpor snail zombie (Lair:6)
  12 yaktaur zombies
  A wyvern zombie (D:12)
  6 hell hound zombies
  A water moccasin zombie (Lair:6)
  2 cyclops zombies
  6 polar bear zombies
  5 warg zombies
  2 raiju zombies
  13 yak zombies
  3 wights
  16 wolf zombies
  3 bullfrog zombies
  5 soldier ant zombies (Spider:1)
  A black bear zombie (Lair:6)
  2 centaur zombies (Orc:2)
  A centaur skeleton (D:13)
  An orc wizard (Orc:2)
  A bog body skeleton (Swamp:4)
  2 human skeletons
  A killer bee zombie (D:9)
  A porcupine skeleton (Lair:1)
  2 crocodile zombies
  8 ogre zombies
  A big kobold zombie (D:9)
  A crocodile skeleton (D:13)
  An ogre skeleton (Vaults:4)
  A mummy (Lair:4)
  A howler monkey zombie (D:14)
  5 worker ant zombies (Spider:1)
  A scorpion zombie (D:9)
  2 swamp drake zombies (Swamp:4)
  A kobold (D:1)
  A kobold zombie (D:12)
  16 orc zombies
  A briar patch (Swamp:4)
  A crawling corpse (Vaults:5)
  7 fungi
  40 plants
435 creatures vanquished.

Grand Total: 3129 creatures vanquished

Notes
Turn   | Place    | Note
-------+----------+-------------------------------------------
     0 | D:1      | Mesmaeker13 the Demonspawn Fighter began the quest for the Orb.
     0 | D:1      | Reached XP level 1. HP: 18/18 MP: 1/1
   104 | D:1      | Gained mutation: When seriously injured, your bleeding wounds create armour. (AC +0) [demonic ancestry]
   104 | D:1      | Reached XP level 2. HP: 24/24 MP: 2/2
   501 | D:1      | Gained mutation: You are slightly more attuned to the shadows. [demonic ancestry]
   501 | D:1      | Reached XP level 3. HP: 29/29 MP: 3/3
  1209 | D:2      | Gained mutation: You are partially covered in sharp spines. [demonic ancestry]
  1209 | D:2      | Reached XP level 4. HP: 18/35 MP: 4/4
  1977 | D:3      | Gained mutation: You have a pair of small horns on your head. [demonic ancestry]
  1977 | D:3      | Reached XP level 5. HP: 40/42 MP: 5/5
  2018 | D:3      | Found Zin's Purification Station.
  2021 | D:3      | Found a glowing silver altar of Zin.
  2317 | D:3      | Noticed a moth of wrath
  2320 | D:3      | Found a bloodstained altar of Trog.
  2625 | D:4      | Found a shimmering altar of Xom.
  2626 | D:4      | Found a burning altar of Makhleb.
  2800 | D:4      | Gained mutation: You have a pair of horns on your head. [demonic ancestry]
  2800 | D:4      | Reached XP level 6. HP: 42/48 MP: 6/6
  2806 | D:4      | Noticed a hand axe
  2807 | D:4      | Noticed a hand axe
  2807 | D:4      | Found a hide-covered altar of Uskayaw.
  2984 | D:4      | Reached XP level 7. HP: 43/55 MP: 7/7
  3565 | D:4      | Reached skill level 5 in Fighting
  3746 | D:5      | Entered Level 5 of the Dungeon
  3914 | D:5      | Found a burning altar of Makhleb.
  4080 | D:5      | Reached skill level 5 in Armour
  4198 | D:5      | Reached skill level 5 in Shields
  4198 | D:5      | Reached XP level 8. HP: 40/63 MP: 8/8
  4468 | D:6      | Found Jyery's Magic Scroll Boutique.
  4481 | D:6      | Bought a scroll of identify for 22 gold pieces
  4481 | D:6      | Bought 2 scrolls of identify for 44 gold pieces
  4481 | D:6      | Bought a scroll of identify for 22 gold pieces
  4481 | D:6      | Bought a scroll of identify for 22 gold pieces
  4895 | D:6      | Reached skill level 5 in Long Blades
  5518 | D:7      | Found a sacrificial altar of Ru.
  5518 | D:7      | Found a stormy altar of Qazlal.
  5657 | D:7      | Gained mutation: You have a pair of large horns on your head. [demonic ancestry]
  5657 | D:7      | Reached XP level 9. HP: 65/71 MP: 9/9
  5988 | D:7      | Found a staircase to the Ecumenical Temple.
  5993 | Temple   | Entered the Ecumenical Temple
  6054 | Temple   | Became a worshipper of Yredelemnul the Dark
  6677 | D:8      | Found a shattered altar of Ashenzari.
  6689 | D:8      | Noticed a two-headed ogre
  6700 | D:8      | Killed a two-headed ogre
  6884 | D:8      | Noticed ThereIsNoGod's ghost (novice TrFi)
  6960 | D:8      | Reached skill level 1 in Invocations
  6991 | D:8      | Reached skill level 2 in Invocations
  6991 | D:8      | Gained mutation: When seriously injured, your bleeding wounds create thick armour. (AC +0) [demonic ancestry]
  6991 | D:8      | Reached XP level 10. HP: 48/80 MP: 11/11
  7133 | D:8      | Found a staircase to the Lair.
  7200 | D:8      | Killed ThereIsNoGod's ghost
  7422 | D:8      | Reached * piety under Yredelemnul
  7422 | D:8      | Reached skill level 3 in Invocations
  7463 | D:8      | Found a shadowy altar of Dithmenos.
  7949 | D:9      | Noticed Psyche
  7958 | D:9      | Killed Psyche
  8145 | D:9      | Reached skill level 4 in Invocations
  8403 | D:9      | Noticed Maurice
  8415 | D:9      | Killed Maurice
  8516 | D:9      | Found an opulent altar of Gozag.
  8577 | D:9      | Found a glowing golden altar of the Shining One.
  8582 | D:9      | Reached ** piety under Yredelemnul
  8720 | D:9      | Found a snail-covered altar of Cheibriados.
  8736 | D:9      | Reached skill level 5 in Invocations
  8846 | D:9      | Noticed a smoke demon
  8856 | D:9      | Reached XP level 11. HP: 60/87 MP: 13/15
  8902 | D:9      | Reached *** piety under Yredelemnul
  9191 | D:10     | Entered Level 10 of the Dungeon
  9301 | D:10     | Noticed an unseen horror
  9319 | D:10     | Received a gift from Yredelemnul (a wight)
  9328 | D:10     | Killed an unseen horror
  9328 | D:10     | Reached skill level 6 in Invocations
  9368 | D:10     | Noticed a centaur warrior
  9380 | D:10     | Killed a centaur warrior
 10104 | D:11     | Found a staircase to the Orcish Mines.
 10325 | D:11     | Noticed a green ugly thing
 10343 | D:11     | Killed a green ugly thing
 10364 | D:11     | Reached skill level 7 in Invocations
 10959 | D:11     | Got a fine plate armour
 10970 | D:11     | Identified the +9 plate armour of the Tormentor {*Slow Int+2 Dex+4} (You found it on level 11 of the Dungeon)
 11075 | D:11     | Noticed a white ugly thing
 11094 | D:11     | Killed a white ugly thing
 11235 | Lair:1   | Entered Level 1 of the Lair of Beasts
 11593 | Lair:1   | Received a gift from Yredelemnul (a wight)
 11700 | Lair:1   | Reached skill level 8 in Invocations
 11729 | Lair:1   | Gained mutation: You are mostly covered in sharp spines. [demonic ancestry]
 11729 | Lair:1   | Reached XP level 12. HP: 58/97 MP: 18/18
 11851 | Lair:1   | Reached **** piety under Yredelemnul
 11905 | Lair:1   | Reached skill level 10 in Fighting
 12450 | Lair:2   | Found a hole to the Spider Nest.
 12553 | Lair:2   | Found a staircase to the Swamp.
 12621 | Lair:2   | Received a gift from Yredelemnul (3 flying skulls)
 12929 | Lair:2   | Noticed an eight-headed hydra
 12929 | Lair:2   | Noticed a six-headed hydra
 12936 | Lair:2   | Killed a five-headed hydra
 12936 | Lair:2   | Reached skill level 9 in Invocations
 12940 | Lair:2   | Killed a five-headed hydra
 13076 | Lair:2   | Noticed a seven-headed hydra
 13082 | Lair:2   | Killed a six-headed hydra
 13290 | Lair:3   | Received a gift from Yredelemnul (a mummy)
 13334 | Lair:3   | Found a frozen archway.
 13376 | IceCv    | Entered an ice cave
 13651 | IceCv    | Received a gift from Yredelemnul (a wraith)
 13666 | IceCv    | Reached skill level 10 in Shields
 13707 | IceCv    | Reached skill level 10 in Armour
 13725 | IceCv    | Reached skill level 10 in Invocations
 13773 | IceCv    | Reached ***** piety under Yredelemnul
 13864 | IceCv    | Reached XP level 13. HP: 35/105 MP: 20/20
 13990 | IceCv    | Received a gift from Yredelemnul (a wraith)
 14065 | IceCv    | Noticed a frost giant
 14109 | IceCv    | Killed a frost giant
 14133 | IceCv    | Reached skill level 10 in Long Blades
 14221 | IceCv    | Got a heavily runed granite ring
 14382 | Lair:3   | Identified the ring "Atreot Pefur" {Ice Int+2 SInv} (You found it in an ice cave)
 14679 | Lair:3   | Received a gift from Yredelemnul (a wight)
 15127 | Lair:4   | Received a gift from Yredelemnul (a phantasmal warrior)
 15693 | Lair:4   | Noticed Harold
 15713 | Lair:4   | Killed Harold
 15717 | Lair:4   | Received a gift from Yredelemnul (a vampire)
 15859 | Lair:4   | Reached skill level 11 in Invocations
 16526 | Lair:5   | Found a staircase to the Slime Pits.
 16527 | Lair:5   | Found a viscous altar of Jiyva.
 16745 | Lair:6   | Entered Level 6 of the Lair of Beasts
 16870 | Lair:6   | Received a gift from Yredelemnul (a phantasmal warrior)
 16894 | Lair:6   | Reached XP level 14. HP: 74/114 MP: 22/22
 17253 | Lair:6   | Received a gift from Yredelemnul (a vampire)
 17334 | Lair:6   | Reached skill level 12 in Invocations
 17361 | Lair:6   | Identified Depawiqa's Grimoire of Virous Changing
 17373 | Lair:6   | Received a gift from Yredelemnul (a vampire)
 17511 | Lair:6   | Reached ****** piety under Yredelemnul
 18073 | Lair:6   | Received a gift from Yredelemnul (a wraith)
 18148 | Lair:6   | Noticed Josephine
 18186 | Lair:6   | Killed Josephine
 18643 | D:11     | Received a gift from Yredelemnul (a vampire)
 18799 | D:12     | Received a gift from Yredelemnul (a ghoul)
 19022 | D:12     | Received a gift from Yredelemnul (a flayed ghost)
 19156 | D:12     | Noticed Gastronok
 19172 | D:12     | Killed Gastronok
 19280 | D:13     | Killed a ghoul
 19504 | D:13     | Reached skill level 13 in Invocations
 19804 | D:13     | Noticed Rupert
 19815 | D:13     | Killed Rupert
 19890 | D:13     | Noticed pichaelthompson's ghost (journeyman DsBe)
 19913 | D:13     | Killed pichaelthompson's ghost
 20002 | D:14     | Gained mutation: Your flesh is cold resistant. (rC+) [demonic ancestry]
 20002 | D:14     | Reached XP level 15. HP: 111/122 MP: 25/25
 20003 | D:14     | Received a gift from Yredelemnul (a vampire knight)
 20070 | D:14     | Noticed Nessos
 20074 | D:14     | Killed Nessos
 20116 | D:14     | Noticed Roxanne
 20133 | D:14     | Received a gift from Yredelemnul (a bone dragon)
 20149 | D:14     | Killed Roxanne
 20207 | D:14     | Found a gate to the Vaults.
 20464 | D:14     | Noticed Louise
 20473 | D:14     | Killed Louise
 20534 | D:14     | Found a portal to a secret trove of treasure.
 20826 | D:15     | Entered Level 15 of the Dungeon
 20872 | D:15     | Found Wuuczyto's Armour Shop.
 20918 | D:15     | Received a gift from Yredelemnul (a vampire)
 20964 | D:15     | Found a large runed door.
 20978 | D:15     | Found a large runed door.
 21316 | D:15     | Reached skill level 14 in Invocations
 21374 | D:15     | Found a staircase to the Depths.
 21450 | D:15     | Noticed a storm dragon
 21458 | D:15     | Killed a storm dragon
 21490 | D:15     | Found a burning altar of Makhleb.
 21493 | D:15     | Found a glowing golden altar of the Shining One.
 21679 | Swamp:1  | Entered Level 1 of the Swamp
 22316 | Swamp:1  | Noticed a thorn hunter
 22324 | Swamp:1  | Killed a thorn hunter
 22754 | Swamp:1  | Got a pair of heavily runed gloves
 22765 | Swamp:1  | Identified the +1 pair of gloves "Ograthro" {*Drain rElec rC+ SInv} (You found it on level 1 of the Swamp)
 22948 | Swamp:2  | Noticed equalderp2856's ghost (journeyman MiFi)
 22959 | Swamp:2  | Killed equalderp2856's ghost
 22970 | Swamp:2  | Noticed Feta's ghost (adept FoFi)
 22984 | Swamp:2  | Killed Feta's ghost
 22985 | Swamp:2  | Received a gift from Yredelemnul (a flayed ghost)
 23259 | Swamp:2  | Gained mutation: You are robust. (+10% HP) [potion of mutation]
 23259 | Swamp:2  | Gained mutation: You are resistant to hostile enchantments. (MR+) [potion of mutation]
 23449 | Swamp:2  | Gained mutation: You are immune to freezing clouds. [demonic ancestry]
 23449 | Swamp:2  | Reached XP level 16. HP: 128/144 MP: 26/26
 23847 | Swamp:3  | Received a gift from Yredelemnul (a phantasmal warrior)
 24128 | Swamp:3  | Received a gift from Yredelemnul (a bone dragon)
 24143 | Swamp:3  | Noticed a thorn hunter
 24148 | Swamp:3  | Killed a thorn hunter
 24512 | Swamp:4  | Entered Level 4 of the Swamp
 24694 | Swamp:4  | Reached skill level 15 in Invocations
 24701 | Swamp:4  | Received a gift from Yredelemnul (a flayed ghost)
 24704 | Swamp:4  | Noticed a thorn hunter
 24721 | Swamp:4  | Killed a thorn hunter
 24986 | Swamp:4  | Got a decaying rune of Zot
 25408 | Spider:1 | Entered Level 1 of the Spider Nest
 25408 | Spider:1 | Noticed slacker's ghost (adept MiBe)
 25417 | Spider:1 | Killed slacker's ghost
 25421 | Spider:1 | Noticed Aizul
 25452 | Lair:2   | HP: 7/146 [Aizul (13)]
 25453 | Lair:2   | Killed Aizul
 25891 | Spider:1 | Received a gift from Yredelemnul (a profane servitor)
 26000 | Spider:1 | Received a gift from Yredelemnul (a vampire)
 26751 | Spider:2 | Killed a profane servitor
 27147 | Spider:2 | Received a gift from Yredelemnul (a vampire knight)
 27580 | Spider:3 | Gained mutation: You are significantly more attuned to the shadows. [demonic ancestry]
 27580 | Spider:3 | Reached XP level 17. HP: 120/154 MP: 1/28
 27762 | Spider:3 | Noticed Asterion
 27771 | Spider:3 | Killed Asterion
 28231 | Spider:4 | Entered Level 4 of the Spider Nest
 28338 | Spider:4 | Reached skill level 16 in Invocations
 28339 | Spider:4 | Received a gift from Yredelemnul (a vampire knight)
 28583 | Spider:4 | Received a gift from Yredelemnul (a flayed ghost)
 28636 | Spider:4 | Received a gift from Yredelemnul (a vampire)
 28739 | Spider:4 | Got a gossamer rune of Zot
 29145 | Lair:6   | Learned a level 3 spell: Regeneration
 29439 | Orc:1    | Entered Level 1 of the Orcish Mines
 29455 | Orc:1    | Received a gift from Yredelemnul (a skeletal warrior)
 29503 | Orc:1    | Found Qumoptipi's Magic Scroll Boutique.
 29514 | Orc:1    | Bought a scroll of identify for 22 gold pieces
 29514 | Orc:1    | Identified a scroll of acquirement
 29515 | Orc:1    | Bought a scroll of identify for 22 gold pieces
 29684 | Orc:2    | Entered Level 2 of the Orcish Mines
 29736 | Orc:2    | Received a gift from Yredelemnul (a vampire)
 29745 | Orc:2    | Identified a +0 pair of boots of running (You acquired it on level 2 of the Orcish Mines)
 29751 | Orc:2    | Noticed Saint Roka
 29774 | Orc:2    | HP: 7/154 [Saint Roka/enchanted battleaxe (18)]
 29774 | Orc:2    | Killed Saint Roka
 29774 | Orc:2    | Enslaved Saint Roka
 29916 | Orc:2    | Received a gift from Yredelemnul (a phantasmal warrior)
 30021 | Orc:2    | Found Vugapt's Distillery.
 30021 | Orc:2    | Found Hidoobb's General Store.
 30021 | Orc:2    | Found Pyneh's Distillery.
 30026 | Orc:2    | Found Vawal's Antique Armour Emporium.
 30033 | Orc:2    | Received a gift from Yredelemnul (a vampire)
 30079 | Orc:2    | Bought a pitted chain mail for 237 gold pieces
 30138 | Orc:2    | Identified the +7 chain mail "Zotoot" {*Contam rElec Dex+4 Stlth+} (You bought it in a shop on level 2 of the Orcish Mines)
 30190 | Orc:2    | Noticed bli's ghost (journeyman FoAK)
 30200 | Orc:2    | Killed bli's ghost
 30242 | Orc:2    | Reached skill level 15 in Fighting
 30292 | Orc:2    | Found a staircase to the Elven Halls.
 30575 | Orc:1    | Found Poseang's Antique Armour Boutique.
 30672 | Orc:1    | Received a gift from Yredelemnul (a vampire)
 30812 | Orc:1    | Bought a glowing plate armour for 546 gold pieces
 30814 | Orc:1    | Bought a runed cloak for 157 gold pieces
 30814 | Orc:1    | Bought a pair of distressingly furry boots for 199 gold pieces
 30874 | Orc:2    | Bought 3 scrolls of identify for 90 gold pieces
 30875 | Orc:2    | Identified the +2 pair of boots "Pimupn" {*Drain rElec Str+2} (You bought it in a shop on level 1 of the Orcish Mines)
 30879 | Orc:2    | Bought a potion of heal wounds for 85 gold pieces
 30879 | Orc:2    | Bought a potion of heal wounds for 85 gold pieces
 30879 | Orc:2    | Bought a potion of might for 68 gold pieces
 30879 | Orc:2    | Bought a potion of heal wounds for 85 gold pieces
 30882 | Orc:2    | Bought a potion of curing for 42 gold pieces
 30940 | Orc:1    | Bought a scroll of acquirement for 572 gold pieces
 30944 | Orc:1    | Got an ebony demon blade
 30945 | Orc:1    | Identified the +9 demon blade of Trog's Wrath {venom, Int+2 Dex+3} (You acquired it on level 1 of the Orcish Mines)
 30948 | Orc:1    | Bought a scroll of enchant weapon for 82 gold pieces
 30948 | Orc:1    | Bought a scroll of enchant weapon for 82 gold pieces
 30948 | Orc:1    | Bought a scroll of enchant armour for 82 gold pieces
 31162 | Vaults:1 | Entered Level 1 of the Vaults
 31194 | Vaults:1 | Reached skill level 1 in Necromancy
 31206 | Vaults:1 | Received a gift from Yredelemnul (a ghoul)
 31520 | Vaults:1 | Reached skill level 1 in Charms
 31649 | Vaults:1 | Received a gift from Yredelemnul (a phantasmal warrior)
 31701 | Vaults:1 | Received a gift from Yredelemnul (a vampire knight)
 31742 | Vaults:1 | Reached skill level 17 in Invocations
 31744 | Vaults:1 | Reached XP level 18. HP: 130/163 MP: 30/30
 31935 | Vaults:1 | Received a gift from Yredelemnul (a bone dragon)
 32590 | Vaults:2 | Your ally Saint Roka died
 32621 | Vaults:2 | Received a gift from Yredelemnul (a profane servitor)
 32675 | Vaults:2 | Found a ruined gateway.
 32695 | Desolati | Entered the Desolation of Salt
 33016 | Desolati | Identified the Incunabulum of the Glacial Voyage
 33051 | Desolati | Got a steaming halberd {antimagic}
 33113 | Desolati | Received a gift from Yredelemnul (a bone dragon)
 33168 | Desolati | Got a glittering lead ring
 33170 | Desolati | Identified the ring "Suutuch" {Fire Str+3 Slay+2} (You found it in the Desolation of Salt)
 33253 | Desolati | Identified the Reference Book on the Entrancing Mountains
 33277 | Desolati | Identified the Collected Works on Unstable Attacks
 33297 | Desolati | Got a scorched shield
 33304 | Desolati | Got a dazzling plate armour
 33437 | Desolati | Reached skill level 5 in Necromancy
 33438 | Desolati | Received a gift from Yredelemnul (a phantasmal warrior)
 33480 | Desolati | Identified the cursed +0 shield "Dipig" {rElec Dex+2 Slay+3 Stlth-} (You found it in the Desolation of Salt)
 33483 | Desolati | Received a gift from Yredelemnul (a phantasmal warrior)
 33804 | Desolati | Received a gift from Yredelemnul (a vampire knight)
 34293 | Vaults:2 | Reached skill level 5 in Charms
 34298 | Vaults:2 | Received a gift from Yredelemnul (a ghoul)
 34521 | Vaults:2 | Received a gift from Yredelemnul (a skeletal warrior)
 34575 | Vaults:2 | Reached skill level 18 in Invocations
 34748 | Vaults:2 | Identified the +6 plate armour "Rabuatia" {rF- MR+ Int+2 Dex+3} (You found it in the Desolation of Salt)
 34799 | Vaults:2 | Got a smelly plate armour
 35065 | Vaults:2 | Reached XP level 19. HP: 151/170 MP: 32/32
 35084 | Vaults:2 | Noticed Nikola
 35119 | Vaults:2 | Received a gift from Yredelemnul (a skeletal warrior)
 35143 | Vaults:2 | Killed Nikola
 35577 | Vaults:3 | Reached skill level 15 in Armour
 35587 | Vaults:3 | Received a gift from Yredelemnul (a flayed ghost)
 35856 | Vaults:3 | Reached skill level 1 in Spellcasting
 35945 | Vaults:3 | Found a staircase to the Crypt.
 36318 | Vaults:3 | Received a gift from Yredelemnul (a skeletal warrior)
 36351 | Vaults:3 | Identified the +1 plate armour of the Moon {rC- Str+2 Int+2} (You found it on level 2 of the Vaults)
 36482 | Vaults:3 | Reached skill level 15 in Shields
 36822 | Vaults:3 | Received a gift from Yredelemnul (a vampire)
 37112 | Vaults:4 | Received a gift from Yredelemnul (a ghoul)
 37119 | Vaults:4 | Reached skill level 19 in Invocations
 37265 | Vaults:4 | Received a gift from Yredelemnul (a vampire knight)
 37441 | Vaults:4 | Found Wuoshrer's Distillery.
 37447 | Vaults:4 | Bought a potion of heal wounds for 115 gold pieces
 37447 | Vaults:4 | Bought a potion of curing for 69 gold pieces
 37447 | Vaults:4 | Bought a potion of curing for 69 gold pieces
 37447 | Vaults:4 | Bought 2 potions of heal wounds for 230 gold pieces
 37463 | Vaults:4 | Reached XP level 20. HP: 178/178 MP: 30/33
 37559 | Vaults:4 | Received a gift from Yredelemnul (a vampire knight)
 37809 | Vaults:4 | Noticed Frederick
 37817 | Vaults:4 | Killed Frederick
 37817 | Vaults:4 | Reached skill level 5 in Spellcasting
 37897 | Vaults:4 | Found Ugoudab's General Store.
 37928 | Vaults:4 | Bought 2 potions of might for 144 gold pieces
 38020 | Vaults:4 | Found Codyadgh's Food Shop.
 38312 | Vaults:4 | Found Dehiemou's Food Shoppe.
 38692 | Depths:1 | Entered Level 1 of the Depths
 38717 | Depths:1 | Received a gift from Yredelemnul (a vampire)
 38813 | Depths:1 | Found a one-way gate to the infinite horrors of the Abyss.
 38824 | Depths:1 | Received a gift from Yredelemnul (a vampire)
 38936 | Depths:1 | Received a gift from Yredelemnul (a vampire)
 39028 | Depths:1 | Found a gateway to Hell.
 39263 | Depths:1 | Found a one-way gate leading to the halls of Pandemonium.
 39427 | Depths:1 | Noticed Mara
 39442 | Depths:1 | Noticed Mesmaeker13's illusion
 39454 | Depths:1 | Killed Mara
 39719 | Depths:2 | Received a gift from Yredelemnul (a bone dragon)
 39759 | Depths:2 | Reached skill level 20 in Invocations
 39808 | Depths:2 | Received a gift from Yredelemnul (a ghoul)
 40169 | Depths:2 | Received a gift from Yredelemnul (a bone dragon)
 40227 | Depths:2 | Received a gift from Yredelemnul (a skeletal warrior)
 40229 | Depths:2 | Gained mutation: When seriously injured, your bleeding wounds create very thick armour. (AC +0) [demonic ancestry]
 40229 | Depths:2 | Reached XP level 21. HP: 106/184 MP: 35/35
 40313 | Depths:2 | Noticed an ancient lich
 40321 | Depths:2 | Killed an ancient lich
 40439 | Depths:2 | Received a gift from Yredelemnul (a vampire knight)
 40490 | Depths:2 | Reached skill level 15 in Long Blades
 41194 | Depths:2 | Received a gift from Yredelemnul (a flayed ghost)
 41216 | Depths:2 | Gained mutation: You are completely covered in sharp spines. [demonic ancestry]
 41216 | Depths:2 | Reached XP level 22. HP: 192/192 MP: 36/36
 41795 | Depths:3 | Received a gift from Yredelemnul (a profane servitor)
 42336 | Depths:4 | Received a gift from Yredelemnul (a vampire)
 42347 | Depths:4 | Reached skill level 21 in Invocations
 42455 | Depths:4 | Found a gateway to a ziggurat.
 42457 | Depths:4 | Paralysed by a floating eye for 4 turns
 42532 | Depths:4 | Received a gift from Yredelemnul (a vampire)
 42701 | Depths:4 | Got a jewelled chain mail
 42702 | Depths:4 | Identified the +0 chain mail of Muczic {rCorr} (You found it on level 4 of the Depths)
 42900 | Depths:4 | Received a gift from Yredelemnul (a bone dragon)
 43419 | Depths:4 | Noticed an ancient lich
 43436 | Depths:4 | Killed an ancient lich
 43602 | Depths:4 | Paralysed by a sphinx for 4 turns
 43703 | Depths:3 | Received a gift from Yredelemnul (a profane servitor)
 44050 | Depths:2 | Received a gift from Yredelemnul (a flayed ghost)
 44089 | Depths:5 | Entered Level 5 of the Depths
 44101 | Depths:5 | Found Eluny's Gadget Shoppe.
 44101 | Depths:5 | Found Boesin's Gadget Shoppe.
 44102 | Depths:5 | Found Ehuwas's Jewellery Boutique.
 44110 | Depths:5 | Bought an uncursed ring of positive energy for 320 gold pieces
 44160 | Depths:5 | Reached XP level 23. HP: 192/202 MP: 37/37
 44306 | Depths:5 | Paralysed by a floating eye for 4 turns
 44495 | Depths:5 | Received a gift from Yredelemnul (a vampire knight)
 44509 | Depths:5 | Reached skill level 22 in Invocations
 44520 | Depths:5 | Received a gift from Yredelemnul (a phantasmal warrior)
 44717 | Depths:5 | Received a gift from Yredelemnul (a ghoul)
 44915 | Depths:5 | Found a gate to the Realm of Zot.
 44972 | Depths:5 | Received a gift from Yredelemnul (a phantasmal warrior)
 45028 | Depths:5 | Found Pyraff's Weapon Shop.
 45040 | Depths:5 | Received a gift from Yredelemnul (a ghoul)
 45566 | Elf:1    | Entered Level 1 of the Elven Halls
 46141 | Elf:1    | Received a gift from Yredelemnul (a skeletal warrior)
 46472 | Elf:2    | Received a gift from Yredelemnul (a phantasmal warrior)
 46474 | Elf:2    | Found a runed gate.
 46474 | Elf:2    | Found a runed gate.
 46475 | Elf:2    | Found a runed gate.
 46618 | Elf:2    | Received a gift from Yredelemnul (a ghoul)
 47014 | Elf:2    | Received a gift from Yredelemnul (a ghoul)
 47265 | Elf:3    | Entered Level 3 of the Elven Halls
 47474 | Elf:3    | Found Aqerung's Book Shoppe.
 47553 | Elf:3    | Found Gubev's Armour Shop.
 47600 | Elf:3    | Found Fireju's Assorted Antiques.
 47606 | Elf:3    | Bought a scroll of enchant weapon for 232 gold pieces
 47638 | Elf:3    | Found Giel's Gadget Shoppe.
 47846 | Elf:3    | Received a gift from Yredelemnul (a bone dragon)
 47874 | Elf:3    | Reached skill level 23 in Invocations
 48030 | Elf:3    | Got a pitted platinum ring
 48061 | Elf:3    | Identified the ring "Buxi" {+Inv rN+} (You took it off a deep elf death mage on level 3 of the Elven Halls)
 48073 | Elf:3    | Got a wavering bronze ring
 48084 | Elf:3    | Reached XP level 24. HP: 176/216 MP: 37/38
 48103 | Elf:3    | Received a gift from Yredelemnul (a ghoul)
 48232 | Elf:3    | Identified the Incunabulum of Helpful Malediction
 48302 | Elf:3    | Identified the ring of Neurosis {+Blink rN+ MR- Int+2} (You took it off a deep elf mage on level 3 of the Elven Halls)
 48790 | Vaults:5 | Entered Level 5 of the Vaults
 48825 | Vaults:4 | Reached skill level 1 in Evocations
 49225 | Vaults:5 | Noticed an ancient lich
 49472 | Vaults:4 | Reached skill level 1 in Dodging
 49872 | Vaults:4 | Received a gift from Yredelemnul (a bone dragon)
 50200 | Vaults:4 | Killed an ancient lich
 51136 | Vaults:5 | Received a gift from Yredelemnul (a profane servitor)
 51156 | Vaults:5 | Reached skill level 5 in Evocations
 51280 | Vaults:5 | Got a crude lead ring
 51320 | Vaults:5 | Reached skill level 5 in Dodging
 51333 | Vaults:5 | Noticed Xtahua
 51345 | Vaults:5 | Killed Xtahua
 51345 | Vaults:5 | Reached skill level 24 in Invocations
 51365 | Vaults:5 | Noticed Sojobo
 51368 | Vaults:5 | Received a gift from Yredelemnul (a bone dragon)
 51378 | Vaults:5 | Killed Sojobo
 51468 | Vaults:5 | Got a silver rune of Zot
 51630 | Vaults:5 | Gained mutation: You are completely attuned to the shadows. [demonic ancestry]
 51630 | Vaults:5 | Reached XP level 25. HP: 222/226 MP: 39/39
 51631 | Vaults:5 | Received a gift from Yredelemnul (a ghoul)
 51637 | Vaults:5 | Your ally Sojobo died
 51648 | Vaults:5 | Killed Jory
 51697 | Vaults:5 | Identified the Guide on the Glacier
 51787 | Vaults:5 | Identified the ring "Yfyis" {+Fly rPois} (You took it off a tengu reaver on level 5 of the Vaults)
 52179 | Vaults:5 | Got a flickering bronze ring
 52672 | Lair:1   | Identified the ring of Zuojog {*Slow MP+9 Dex+3 SInv} (You took it off an ironheart preserver on level 5 of the Vaults)
 52922 | Zot:1    | Entered Level 1 of the Realm of Zot
 52956 | Zot:1    | Received a gift from Yredelemnul (a flayed ghost)
 53449 | Zot:2    | Received a gift from Yredelemnul (a bone dragon)
 54160 | Zot:4    | Received a gift from Yredelemnul (a ghoul)
 54387 | Zot:5    | Entered Level 5 of the Realm of Zot
 54544 | Zot:5    | Noticed an orb of fire
 54562 | Zot:5    | Killed an orb of fire
 54727 | Zot:5    | Reached skill level 25 in Invocations
 55069 | Zot:5    | Received a gift from Yredelemnul (a profane servitor)
 55098 | Zot:5    | Noticed an ancient lich
 55102 | Zot:5    | Paralysed by an ancient lich for 6 turns
 55107 | Zot:5    | Killed an ancient lich
 55120 | Zot:5    | Noticed an ancient lich
 55124 | Zot:5    | Killed an ancient lich
 55163 | Zot:5    | Noticed an orb of fire
 55170 | Zot:5    | Gained mutation: You possess an exceptional clarity of mind. [an orb of fire]
 55174 | Zot:5    | Gained mutation: Scrolls take you a little longer to read. [an orb of fire]
 55176 | Zot:5    | Killed an orb of fire
 55176 | Zot:5    | Reached XP level 26. HP: 190/237 MP: 39/39
 55244 | Zot:5    | Noticed an ancient lich
 55254 | Zot:5    | Killed an ancient lich
 55276 | Zot:5    | Lost mutation: You possess an exceptional clarity of mind. [potion of mutation]
 55276 | Zot:5    | Lost mutation: You are resistant to hostile enchantments. (MR+) [potion of mutation]
 55276 | Zot:5    | Lost mutation: You are robust. (+10% HP) [potion of mutation]
 55276 | Zot:5    | Lost mutation: Scrolls take you a little longer to read. [potion of mutation]
 55276 | Zot:5    | Gained mutation: Scrolls take you a little longer to read. [potion of mutation]
 55276 | Zot:5    | Gained mutation: You evolve. [potion of mutation]
 55277 | Zot:5    | Lost mutation: You evolve. [potion of mutation]
 55277 | Zot:5    | Lost mutation: Scrolls take you a little longer to read. [potion of mutation]
 55277 | Zot:5    | Gained mutation: You are clumsy. (Dex -2) [potion of mutation]
 55277 | Zot:5    | Gained mutation: You evolve. [potion of mutation]
 55325 | Zot:5    | Received a gift from Yredelemnul (a profane servitor)
 55344 | Zot:5    | Noticed an orb of fire
 55360 | Zot:5    | Killed an orb of fire
 55376 | Zot:5    | Noticed an ancient lich
 55386 | Zot:5    | Killed an ancient lich
 55416 | Zot:5    | Reached skill level 26 in Invocations
 55502 | Zot:5    | Noticed an orb of fire
 55505 | Zot:5    | Gained mutation: You do not regenerate when monsters are visible. [an orb of fire]
 55526 | Zot:5    | Killed an orb of fire
 55781 | Zot:5    | Gained mutation: You are robust. (+10% HP) [evolution]
 55782 | Zot:5    | Lost mutation: You are clumsy. (Dex -2) [potion of mutation]
 55782 | Zot:5    | Lost mutation: You do not regenerate when monsters are visible. [potion of mutation]
 55782 | Zot:5    | Lost mutation: You are robust. (+10% HP) [potion of mutation]
 55782 | Zot:5    | Gained mutation: Your body sometimes deteriorates upon taking damage. [potion of mutation]
 55782 | Zot:5    | Gained mutation: You rapidly evolve. [potion of mutation]
 55892 | Zot:5    | Got the Orb of Zot
 56388 | D:7      | Received a gift from Yredelemnul (a profane servitor)
 56474 | D:$      | Escaped with the Orb!

Skill      XL: |  1  2  3  4  5  6  7  8  9 10 11 12 13 14 15 16 17 18 19 20 21 22 23 24 25 26 |
---------------+-------------------------------------------------------------------------------+-----
Long Blades    | 2 3 4 5 6 7 8 9 10 11 12 13 14 15 16 | 16.0
Shields        | 3 4 5 7 8 9 10 11 12 13 14 15 | 15.5
Armour         | 3 4 5 6 7 8 9 10 11 12 13 14 15 16 17 18 19 20 | 20.8
Fighting       | 4 5 6 7 8 9 10 11 12 13 14 15 16 17 18 19 20 | 20.6
Invocations    | 2 5 8 10 11 13 14 15 17 18 19 20 21 23 24 25 26 | 26.4
Necromancy     | 2 6 7 |  7.3
Charms         | 1 5 7 |  7.2
Spellcasting   | 4 7 |  7.0
Evocations     | 5 9 |  9.0
Dodging        | 5 6 |  6.0

Action                   |  1- 3 |  4- 6 |  7- 9 | 10-12 | 13-15 | 16-18 | 19-21 | 22-24 | 25-27 || total
-------------------------+-------+-------+-------+-------+-------+-------+-------+-------+-------++-------
Melee: Long sword        |   127 |   131 |   279 |   415 |    86 |       |       |       |       ||  1038
       Headbutt          |       |    20 |    68 |   202 |   280 |   389 |   330 |   361 |   234 ||  1884
       Scimitar          |       |       |       |   411 |   947 |   670 |       |       |       ||  2028
       Demon blade       |       |       |       |       |       |   543 |   369 |       |       ||   912
       Double sword      |       |       |       |       |       |       |   441 |   973 |   630 ||  2044
Throw: Throwing net      |       |       |       |       |     2 |     3 |     1 |       |       ||     6
       Tomahawk          |       |       |       |       |       |     1 |       |       |       ||     1
 Cast: Regeneration      |       |       |       |       |       |     2 |    23 |    29 |    19 ||    73
Invok: Animate Remains   |       |       |       |     4 |       |       |       |       |       ||     4
       Animate Dead      |       |       |       |    16 |    68 |    70 |    22 |    57 |    18 ||   251
       Injury Mirror     |       |       |       |     1 |     7 |     5 |     2 |     5 |       ||    20
       Recall Undead Sla |       |       |       |     3 |    17 |    32 |    14 |    22 |     6 ||    94
       Drain Life        |       |       |       |       |     6 |     4 |     4 |     9 |     4 ||    27
       Stop Recall       |       |       |       |       |     4 |     6 |     3 |    13 |       ||    26
       Enslave Soul      |       |       |       |       |       |     2 |       |     1 |       ||     3
 Abil: Evoke Berserk Rag |       |       |       |       |       |     1 |       |       |       ||     1
       Evoke Flight      |       |       |       |       |       |       |     1 |     1 |       ||     2
       Stop Flying       |       |       |       |       |       |       |       |     2 |       ||     2
Evoke: Wand              |       |       |     5 |     2 |       |       |    10 |     2 |     8 ||    27
       Lightning rod     |       |       |       |       |     1 |       |       |       |       ||     1
  Use: Scroll            |       |       |     9 |    12 |    13 |    25 |     7 |    26 |    11 ||   103
       Potion            |       |       |     1 |     2 |    10 |    19 |     2 |    10 |    16 ||    60
 Stab: Sleeping          |       |     1 |       |       |       |     2 |       |       |       ||     3
       Paralysed         |       |       |     1 |       |     5 |     2 |     3 |     4 |       ||    15
       Distracted        |       |       |       |     5 |    19 |    22 |    15 |    29 |    14 ||   104
       Confused          |       |       |       |       |     2 |       |       |       |       ||     2
       Held in net/web   |       |       |       |       |     2 |       |       |       |       ||     2
       Invisible         |       |       |       |       |       |     2 |       |       |       ||     2
  Eat: Chunk             |     1 |     6 |     9 |    19 |    32 |    20 |    20 |    19 |     9 ||   135
       Meat ration       |       |       |     1 |       |       |     3 |     2 |     3 |     1 ||    10
       Bread ration      |       |       |       |     2 |     3 |     6 |       |     4 |       ||    15
       Fruit             |       |       |       |       |    11 |       |     1 |     5 |       ||    17
       Royal jelly       |       |       |       |       |       |     1 |       |       |     6 ||     7
Armor: Scale mail        |    63 |    58 |    27 |       |       |       |       |       |       ||   148
       Chain mail        |       |       |   102 |   146 |       |   179 |   254 |   346 |       ||  1027
       Plate armour      |       |       |       |   216 |   579 |   409 |       |       |       ||  1204
       Gold dragon scale |       |       |       |       |       |       |       |    89 |   262 ||   351
Dodge: Dodged            |    45 |    30 |    62 |   165 |   207 |   248 |   132 |   207 |   108 ||  1204
Block: Shield            |    76 |    56 |   139 |   462 |   628 |   812 |   521 |   754 |   357 ||  3805
       Reflection        |       |       |       |       |       |    31 |    67 |    65 |     6 ||   169
       Rpst.: Long sword |    19 |    12 |    16 |    25 |     3 |       |       |       |       ||    75
       Scimitar          |       |       |       |    17 |    45 |    25 |       |       |       ||    87
       Demon blade       |       |       |       |       |       |    18 |    12 |       |       ||    30
       Double sword      |       |       |       |       |       |       |    15 |    23 |    22 ||    60
